 Seeded DCSS version 0.30.1-4-g462c640d31 (webtiles) character file.

Game seed: 6351066067085065685 (custom seed)

4 Esekla the Magician (level 1, -1/10 HPs)
             Began as a Deep Elf Wanderer on Sept 17, 2023.
             Constricted to death by a goblin (6 damage)
             ... on level 2 of the Dungeon.
             The game lasted 00:02:30 (267 turns).

Esekla the Magician (Deep Elf Wanderer)              Turns: 267, Time: 00:02:30

Health: -1/10      AC:  2    Str: 11    XL:     1   Next: 50%
Magic:  8/8        EV:  7    Int: 17    God:
Gold:   16         SH:  3    Dex: 11    Spells: 7/9 levels left

rFire   . . .        a - +0 short sword
rCold   . . .        d - +0 buckler
rNeg    . . .        c - +0 robe
rPois   .            (no helmet)
rElec   .            (no cloak)
rCorr   .            (no gloves)
SInv    .            (no boots)
Will    .....        (no amulet)
Stlth   ++           (no ring)
HPRegen 0.21/turn    (no ring)
MPRegen 0.11/turn

%: no passive effects
@: grasped by roots, constricted
A: no striking features
a: no special abilities


You were on level 2 of the Dungeon.
You visited 1 branch of the dungeon, and saw 2 of its levels.

You collected 16 gold pieces.

Inventory:

Hand Weapons
 a - a +0 short sword (weapon)
Armour
 c - a +0 robe (worn)
 d - a +0 buckler (worn)
Scrolls
 g - a scroll of identify {unknown}
Potions
 b - a potion of lignification
 e - a potion of ambrosia {unknown}
 f - a potion of attraction {unknown}
 h - a potion of heal wounds {unknown}


   Skills:
 + Level 1.2 Stealth
 + Level 1.5 Shields
 * Level 4.7 Spellcasting
 * Level 0.2 Necromancy
 + Level 2.1 Translocations
 + Level 1.0 Invocations


You had 7 spell levels left.
You knew the following spells:

 Your Spells              Type           Power      Damage    Failure   Level
a - Magic Dart            Conj           16%        1d3       22%         1
p - Apportation           Tloc           22%        N/A       9%          1

Your spell library contained the following spells:

 Spells                   Type           Power      Damage    Failure   Level
 Blink                    Tloc           22%        N/A       13%         2
 Lesser Beckoning         Tloc           22%        N/A       13%         2
 Vampiric Draining        Necr           4%         2d6       50%         3
 Ignite Poison            Fire/Tmut/Pois 4%         N/A       54%         3


Dungeon Overview and Level Annotations

Branches:
Dungeon (2/15)

Altars:

Shops:
D:2 =


Message History

You assume a fearsome visage.
The ball python looks frightened! x2
The goblin looks frightened!
The bat looks frightened!
The endoplasm looks frightened!
It was a scroll of fear.
Found a stone staircase leading down.
f - a bubbling green potion
There is a stone staircase leading down here.
You climb downwards.
Found a stone staircase leading down.
There is a stone staircase leading up here.
Found a dagger.
Found a leather armour.
Found 16 gold pieces.
Casting: Apportation (safe; 9% risk of failure)
Confirm with . or Enter, or press ? or * to list all spells.
Aiming: Apportation (safe; 9% risk of failure)
Press: ? - help, Dir - move target Apport: 16 gold pieces Yoink!
You pull the items towards yourself.
You now have 16 gold pieces.
You see here a +0 leather armour.
Found a leather armour.
Found Renulab's Jewellery Shop.
You see here a +0 leather armour.
Found 10 gold pieces.
A goblin comes into view.
It is wielding a +0 dagger and carrying a wand of roots (9).
The goblin shouts!
Found a mace.
The goblin zaps a wand.
The roots erupt in riotous growth!
The grasping roots grab you! The grasping roots constrict you.
You escape the roots grasp.
The goblin zaps a wand.
The roots erupt in riotous growth!
The grasping roots grab you! The grasping roots constrict you.
* * * LOW HITPOINT WARNING * * *
You escape the roots grasp.
The goblin zaps a wand.
The roots erupt in riotous growth!
The grasping roots grab you! The grasping roots constrict you.
Ouch! That really hurt!
You die...

###$# ....# ### .... .)#
#g.# #.# ###..# #.#
.....# #.####
.###.####....#
...........#.############
..#.[####.g.....@.......#
. #..####....#######.##>#
#......[...# .....#.#
#..#####...# # #..#.###
#..# #...##.#
#......###### ...∩#
#......# #............
###.##
##..#######.###..##### #.
#...........# #.<# ..
#...#######.# #..#


You could see a goblin.

Vanquished Creatures
  A ball python (D:1)
  A frilled lizard (D:1)
  2 kobolds (D:1)
4 creatures vanquished.

Notes
Turn   | Place    | Note
-------+----------+-------------------------------------------
     0 | D:1      | Esekla the Deep Elf Wanderer began the quest for the Orb.
     0 | D:1      | Esekla set off with the following items: a +0 club, a
                  | potion of lignification, a +0 robe, a +0 buckler; and the
                  | following spells available to memorise: Apportation, Blink,
                  | Lesser Beckoning, Magic Dart, Ignite Poison, Vampiric
                  | Draining.
     0 | D:1      | Reached XP level 1. HP: 10/10 MP: 7/7
    30 | D:1      | Learned a level 1 spell: Magic Dart
    39 | D:1      | Learned a level 1 spell: Apportation
   250 | D:2      | Found Renulab's Jewellery Shop.
   267 | D:2      | Constricted to death by a goblin

Illustrated notes

Levels and vault maps discovered:
D:1:      sevenhm_arrival_forest_fort_small_3, layout_rooms,
          chequers_serial_rivers_room_b, minmay_misc_feat_five
D:2:      layout_loops_ring, dreamdust_ecumenical_altar_angels_and_demons,
          serial_shops, shop

Action                     || total
---------------------------++-------
  Melee: Short sword       ||     2
   Cast: Magic Dart        ||     7
         Apportation       ||     3
    Use: Scroll            ||     1
   Stab: Sleeping          ||     1
 Armour: Robe              ||     2
  Dodge: Dodged            ||     8
  Block: Buckler           ||     2
